 Dungeon Crawl Stone Soup version 0.28-b1-1-g3c77fb2ed1 (webtiles) character file.

Game seed: 13282721823256094385

14 Descartes the Grasshopper (level 2, -1/19 HPs)
             Began as a Formicid Warper on Jan 28, 2022.
             Slain by an adder (3 damage)
             ... on level 2 of the Dungeon.
             The game lasted 00:00:58 (990 turns).

Descartes the Grasshopper (Formicid Warper)          Turns: 990, Time: 00:00:59

Health: -1/19      AC:  3    Str: 15    XL:     2   Next: 60%
Magic:  5/5        EV: 11    Int: 10    God:
Gold:   52         SH:  0    Dex: 10    Spells: 5/5 levels left

rFire   . . .      SeeInvis +   a - +0 mace
rCold   . . .      Faith    .   (no shield)
rNeg    . . .      Spirit   .   b - +0 leather armour
rPois   .          Reflect  .   (helmet unavailable)
rElec   .          Harm     .   (no cloak)
rCorr   .          Rampage  .   (no gloves)
Will    .....                   (no boots)
Stlth   +.........              (no amulet)
HPRegen 0.06/turn               (no ring)
MPRegen 0.09/turn               (no ring)

@: lethally poisoned (-1 -> -2)
A: permanent stasis, dig shafts and tunnels, antennae 3, four strong arms, dopey
1, frail 1, sense surroundings 1, wild magic 1
a: Dig, Shaft Self


You were on level 2 of the Dungeon.
You visited 1 branch of the dungeon, and saw 2 of its levels.

You collected 52 gold pieces.

Inventory:

Hand Weapons
 a - a +0 mace (weapon)
Missiles
 c - 5 boomerangs of dispersal (quivered)
 g - 21 arrows
Armour
 b - a +0 leather armour (worn)
Jewellery
 j - a ring of poison resistance
Scrolls
 d - 2 scrolls of magic mapping {unknown}
 e - a scroll of noise {unknown}
 f - a scroll of fog {unknown}
 h - 2 scrolls of identify {unknown}
Potions
 i - a potion of mutation


   Skills:
 - Level 2.1 Fighting
 - Level 2.0 Maces & Flails
 - Level 1.0 Throwing
 + Level 2.0 Armour
 - Level 1.7 Dodging
 - Level 2.1 Spellcasting
 + Level 3.1 Translocations


You had 5 spell levels left.
You didn't know any spells.
Your spell library contained the following spells:

 Spells                   Type           Power      Damage    Failure   Level
 Gell's Gravitas          Tloc           9%         N/A       41%         3
 Lesser Beckoning         Tloc           9%         N/A       41%         3
 Teleport Other           Tloc           9%         N/A       41%         3
 Manifold Assault         Tloc           9%         N/A       98%         5
 Blink                    Tloc           Unusable   N/A       N/A         2

Dungeon Overview and Level Annotations

Branches:
Dungeon (2/15)

Altars:


Innate Abilities, Weirdness & Mutations

You cannot be hasted, slowed, berserked, paralysed or teleported.
You can dig through walls and to a lower floor.
You have a pair of large antennae on your head. (SInv)
Your four strong arms can wield two-handed weapons with a shield.
You are dopey. (Int -2)
You are frail. (-10% HP)
You passively map a small area around you.
Your spells are a little harder to cast, but a little more powerful.


Message History

You feel sick. The adder closely misses you. The adder bites you.
You are more poisoned.
The adder poisons you!
You closely miss the adder.
The adder is moderately wounded.
You feel very sick. The adder completely misses you.
The adder bites you but does no damage.
You miss the adder.
The adder is moderately wounded.
You feel sick. The adder bites you but does no damage.
You closely miss the adder.
The adder is moderately wounded.
You feel sick. The adder closely misses you. The adder bites you.
You are too injured to fight recklessly!
You are too injured to fight recklessly!
You are too injured to fight recklessly!
You are too injured to fight recklessly!
You are too injured to fight recklessly!
You are too injured to fight recklessly!
You are too injured to fight recklessly!
You are too injured to fight recklessly!
You are too injured to fight recklessly!
You are too injured to fight recklessly!
You are too injured to fight recklessly!
You are too injured to fight recklessly!
You barely miss the adder.
The adder is moderately wounded.
You feel sick. The adder bites you.
* * * LOW HITPOINT WARNING * * *
The adder barely misses you.
You miss the adder.
The adder is moderately wounded.
* * * LOW HITPOINT WARNING * * *
You feel sick. The adder closely misses you.
It was a potion of mutation.
You feel extremely strange.
You feel frail.
You feel stupid.
You feel less in control of your magic.
You feel a strange attunement to the structure of the dungeons.
* * * LOW HITPOINT WARNING * * *
You feel sick. The adder bites you.
You die...

* #.#...... * *
#######.#...... *
* #
............###
.########.##.....
........#......##
*
####...#........#
,
................#
+ *
#................
####
*#...#.@##........
, .... ...
#.S....#.##.. ,
#### ##
#..#.#....... , ,
#..#.#.#.... , * *
* #..#.#.#.##. ,,
, #..# *, ,., , *
#..# , , ,#..#, *
, ** *


You could see an adder.

Vanquished Creatures
  An endoplasm (D:1)
  2 goblins
  2 hobgoblins (D:1)
  2 jackals (D:1)
  2 quokkas
  A bat (D:1)
  A frilled lizard (D:1)
  A rat (D:1)
12 creatures vanquished.

Notes
Turn   | Place    | Note
-------+----------+-------------------------------------------
     0 | D:1      | Descartes the Formicid Warper began the quest for the Orb.
     0 | D:1      | Reached XP level 1. HP: 16/16 MP: 3/3
   450 | D:1      | Reached XP level 2. HP: 22/22 MP: 5/5
   451 | D:1      | Reached skill level 3 in Translocations
   990 | D:2      | Gained mutation: You are frail. (-10% HP) [potion of
                  | mutation]
   990 | D:2      | Gained mutation: You are dopey. (Int -2) [potion of
                  | mutation]
   990 | D:2      | Gained mutation: Your spells are a little harder to cast,
                  | but a little more powerful. [potion of mutation]
   990 | D:2      | Gained mutation: You passively map a small area around you.
                  | [potion of mutation]
   990 | D:2      | Slain by an adder

Illustrated notes

Levels and vault maps discovered:
D:1:      nzn_arrival_depleted_hourglass, layout_basic,
          hangedman_abyss_or_decor_lesser_grid, minmay_tree_intersection
D:2:      layout_basic, dilly_ecumenical_altar_fadedgnrine

Skill      XL: |  1  2 |
---------------+-------+-----
Translocations | 3 |  3.1
Armour         | 2 |  2.0
Fighting       | |  2.1
Maces & Flails | |  2.0
Throwing       | |  1.0
Dodging        | |  1.7
Spellcasting   | |  2.1

Action                   || total
-------------------------++-------
Melee: Mace              ||    37
  Use: Potion            ||     1
Armor: Leather armour    ||     6
Dodge: Dodged            ||    21
